 Dungeon Crawl Stone Soup version 0.22.1-1-ga44c0e56f4 (webtiles) character file.

165 Narretz the Sneak (level 5, -4/25 HPs)
             Began as a Spriggan Enchanter on Oct 28, 2018.
             Killed from afar by an orc wizard (12 damage)
             ... with a magic dart
             ... on level 4 of the Dungeon.
             The game lasted 00:18:00 (3271 turns).

Narretz the Sneak (Spriggan Enchanter)              Turns: 3271, Time: 00:18:01

Health: -4/25      AC:  4    Str:  6 (7)  XL:     5   Next: 21%
Magic:  1/11       EV: 19    Int: 14 (16) God:
Gold:   146        SH:  0    Dex: 16 (18) Spells: 5/11 levels left

rFire    . . .     SeeInvis +   n - +0 dagger (vamp)
rCold    . . .     Gourm    .   (shield restricted)
rNeg     + . .     Faith    .   b - +0 robe
rPois    .         Spirit   .   o - +2 hat
rElec    .         Reflect  .   (no cloak)
rCorr    .         Harm     .   (gloves unavailable)
MR       .....                  (boots unavailable)
Stlth    +++.......             (no amulet)
HPRegen  0.08/turn              m - ring of positive energy
MPRegen  0.12/turn              i - +3 ring of strength

@: very quick
A: very small, unfitting armour, see invisible, herbivore, speed 3, slow
metabolism 2
a: no special abilities


You were on level 4 of the Dungeon.
You were not hungry.

You visited 1 branch of the dungeon, and saw 4 of its levels.

You collected 146 gold pieces.

Inventory:

Hand Weapons
 a - a +1 dagger
 f - a +1 dagger of electrocution
 j - a +2 antimagic dagger
 n - a +0 vampiric dagger (weapon)
Armour
 b - a +0 robe (worn)
 o - a +2 hat (worn)
Jewellery
 i - a +3 ring of strength (right hand)
 m - a ring of positive energy (left hand)
 t - an uncursed ring of see invisible
Wands
 g - a wand of polymorph (16)
 q - a wand of flame (29)
Scrolls
 c - 7 scrolls of identify {unknown}
 h - a scroll of enchant weapon {unknown}
 k - a scroll of teleportation {unknown}
 p - a scroll of enchant armour {unknown}
 r - a scroll of remove curse {unknown}
 u - a scroll of fog {unknown}
Potions
 e - 2 potions of degeneration
 l - 2 potions of curing {unknown}
 s - a potion of lignification {unknown}
 v - a potion of invisibility {unknown}
 w - a potion of agility
Comestibles
 d - 3 rations


   Skills:
 + Level 0.4 Fighting
 + Level 1.8 Short Blades
 + Level 3.6 Dodging
 + Level 6.1 Stealth
 * Level 3.9 Spellcasting
 + Level 4.7 Hexes
 + Level 0.6 Ice Magic


You had 5 spell levels left.
You knew the following spells:

 Your Spells              Type           Power        Failure   Level  Hunger
a - Corona                Hex            ###....      2%          1    None
b - Ensorcelled Hibernat  Hex/Ice        ##....       10%         2    ##.....
c - Dazzling Spray        Conj/Hex       #.....       22%         3    ###....

Your spell library contained the following spells:

 Spells                   Type           Power        Failure   Level  Hunger
 Confuse                  Hex            ###.....     9%          3    ###....
 Tukima's Dance           Hex            ###.....     9%          3    ###....


Dungeon Overview and Level Annotations

Branches:
Dungeon (4/15)
 Temple: D:4-7

Altars:
Gozag
Hepliaklqana
Kikubaaqudgha
Okawaru

Shops:
D:4 }


Innate Abilities, Weirdness & Mutations

You are very small and have problems with some larger weapons.
You are too small for most types of armour.
You have supernaturally acute eyesight. (SInv)
You are a herbivore.
You cover ground extremely quickly.
You need to consume almost no food.


Message History

The jackal misses you. The orc wizard misses you.
The jackal closely misses you.
You barely miss the orc wizard.
The orc wizard is moderately wounded.
The orc wizard misses you. The jackal misses you.
You hit the orc wizard but do no damage.
The orc wizard is moderately wounded.
The orc wizard hits you but does no damage.
The jackal closely misses you.
You hit the orc wizard but do no damage.
The orc wizard is moderately wounded.
The orc wizard mumbles some strange words.
The orc wizard blinks!
The jackal misses you.
You hit the jackal but do no damage.
The jackal bites you but does no damage.
The orc wizard casts a spell at you. The magic dart hits you!
The jackal misses you.
The orc wizard gestures at you while chanting.
The magic dart hits you!
You die...

#.# .. ..# #.###
.. ##...# #...†#
#o#### #o# #h# #.#
#@# ######## #.#
#....... #.######
#..<.... #o##...#
#.####.. #....#.#
#.##....
####...####.##.#..
##..........#..
#######.......
#......#


You could see an orc wizard, 2 orcs and a jackal.

Vanquished Creatures
  A worker ant (D:4)
  7 adders
  An ooze (D:1)
  4 worms
  A dart slug (D:1)
  A leopard gecko (D:2)
  2 orcs
  2 bats
  5 giant cockroaches
  8 goblins
  A hobgoblin (D:1)
  7 jackals
  4 frilled lizards
  8 kobolds
  7 rats
59 creatures vanquished.

Notes
Turn   | Place    | Note
-------+----------+-------------------------------------------
     0 | D:1      | Narretz the Spriggan Enchanter began the quest for the Orb.
     0 | D:1      | Reached XP level 1. HP: 9/9 MP: 5/5
   508 | D:1      | Reached XP level 2. HP: 8/13 MP: 4/6
  1103 | D:1      | Learned a level 2 spell: Ensorcelled Hibernation
  1117 | D:1      | Reached skill level 5 in Stealth
  1290 | D:2      | Reached XP level 3. HP: 16/16 MP: 8/8
  1603 | D:2      | Reached XP level 4. HP: 21/21 MP: 9/9
  2199 | D:3      | Reached skill level 6 in Stealth
  2302 | D:3      | Learned a level 3 spell: Dazzling Spray
  2534 | D:3      | Found an ancient bone altar of Kikubaaqudgha.
  2537 | D:3      | Found an iron altar of Okawaru.
  2540 | D:3      | Found a hazy altar of Hepliaklqana.
  2639 | D:3      | Found an opulent altar of Gozag.
  2851 | D:4      | Found Xeareroc's Gadget Shop.
  2863 | D:4      | Noticed a phantom
  3189 | D:4      | Reached XP level 5. HP: 25/25 MP: 11/11
  3271 | D:4      | Killed from afar by an orc wizard

Skill      XL: |  1  2  3  4 |
---------------+-------------+-----
Hexes          | 4 |  4.7
Stealth        | 5 6 |  6.1
Spellcasting   | 3 |  3.9
Fighting       | |  0.4
Short Blades   | |  1.8
Dodging        | |  3.6
Ice Magic      | |  0.6

Action                   |  1- 3 |  4- 6 || total
-------------------------+-------+-------++-------
Melee: Dagger            |   110 |   201 ||   311
 Cast: Corona            |    13 |    10 ||    23
       Ensorcelled Hiber |     6 |    21 ||    27
       Dazzling Spray    |       |     5 ||     5
  Use: Potion            |       |     3 ||     3
 Stab: Distracted        |     1 |       ||     1
       Sleeping          |    11 |    15 ||    26
       Invisible         |       |     1 ||     1
  Eat: Ration            |     2 |     2 ||     4
Armor: Robe              |     7 |    23 ||    30
Dodge: Dodged            |    73 |   189 ||   262
